 Dungeon Crawl Stone Soup version 0.30-a0-996-ga6910c8ee8 (webtiles) character file.

Game seed: 5484170363565194273

91 Maxmaps the Insei (level 4, 0/35 HPs)
             Began as a Demonspawn Monk on Apr 5, 2023.
             Slain by an iguana (9 damage)
             ... on level 3 of the Dungeon.
             The game lasted 00:03:14 (2253 turns).

Maxmaps the Insei (Demonspawn Monk)                 Turns: 2253, Time: 00:03:15

Health: 0/35       AC:  6    Str: 11    XL:     4   Next: 34%
Magic:  4/4        EV:  9    Int: 14    God:
Gold:   94         SH: 11    Dex: 15    Spells: 3/3 levels left

rFire   . . .      SeeInvis .      - Unarmed
rCold   . . .      Faith    .    m - +0 kite shield
rNeg    . . .      Spirit   .    c - +0 ring mail
rPois   .          Reflect  .    (no helmet)
rElec   .          Rampage  .    (no cloak)
rCorr   .                        (no gloves)
Will    .....                    l - +0 pair of boots
Stlth   +                        (no amulet)
HPRegen 0.25/turn                (no ring)
MPRegen 0.09/turn                (no ring)

@: no status effects
A: condensation shield, weakness stinger 1
a: no special abilities


You were on level 3 of the Dungeon.
You visited 1 branch of the dungeon, and saw 3 of its levels.

You collected 94 gold pieces.

Inventory:

Armour
 a - a +0 robe
 c - a +0 ring mail (worn)
 l - a +0 pair of boots (worn)
 m - a +0 kite shield (worn)
Jewellery
 b - a ring of ice
Scrolls
 d - a scroll of poison {unknown}
 f - a scroll of enchant armour {unknown}
 h - a scroll of magic mapping {unknown}
 i - 9 scrolls of identify {unknown}
 j - a scroll of blinking {unknown}
Potions
 e - 2 potions of curing {unknown}
 g - a potion of magic {unknown}
 k - a potion of resistance {unknown}
 n - 3 potions of heal wounds {unknown}


   Skills:
 - Level 3.0 Fighting
 + Level 2.9 Armour
 - Level 3.0 Dodging
 - Level 1.7 Stealth
 - Level 3.2 Unarmed Combat


You had 3 spell levels left.
You didn't know any spells.
Your spell library contained the following spells:

 Spells                   Type           Power      Damage    Failure   Level
 Hailstorm                Conj/Ice       0%         3d3       100%        3
 Ice Form                 Ice/Tmut       0%         N/A       100%        4
 Simulacrum               Ice/Necr       0%         N/A       100%        6


Dungeon Overview and Level Annotations

Branches:
Dungeon (3/15)

Altars:


Innate Abilities, Weirdness & Mutations

A meltable shield of frost defends you. (SH +4)
You have a small tail.


Message History

You are too injured to fight recklessly!
You are too injured to fight recklessly!
You are too injured to fight recklessly!
You are too injured to fight recklessly!
You are too injured to fight recklessly!
You are too injured to fight recklessly!
You are too injured to fight recklessly!
You are too injured to fight recklessly!
You are too injured to fight recklessly!
You hit the iguana but do no damage.
You tail-slap the iguana, but do no damage.
The iguana is heavily wounded.
You block the iguana's attack.
You hit the iguana.
The iguana is severely wounded.
The iguana bites you.
You barely miss the iguana. You tail-slap the iguana.
The iguana is severely wounded.
The iguana bites you but does no damage.
The iguana misses you.
You closely miss the iguana.
Your tail-slap misses the iguana.
The iguana is severely wounded.
You block the iguana's attack.
You hit the iguana.
The iguana is severely wounded.
You block the iguana's attack.
You hit the iguana.
The iguana is almost dead.
The iguana bites you!
* * * LOW HITPOINT WARNING * * *
You hit the iguana but do no damage.
Your tail-slap misses the iguana.
The iguana is almost dead.
The iguana closely misses you.
You hit the iguana but do no damage.
The iguana is almost dead.
The iguana barely misses you.
You hit the iguana but do no damage.
The iguana is severely wounded.
The iguana barely misses you. The iguana bites you!
You die...

.########
........###.#...
#......@l.....#
#.####.##.###..
##.##.# #..##.#
#.###.# # #.#
#.# #.###.# #.#
.#....# #.#
#.##..# #.#


You could see an iguana.

Vanquished Creatures
  An orc priest (D:2)
  An adder (D:2)
  A dart slug (D:1)
  3 orcs
  6 endoplasms
  A giant cockroach (D:2)
  3 goblins
  5 hobgoblins
  4 jackals (D:1)
  8 bats
  4 frilled lizards
  7 kobolds
  2 rats (D:1)
46 creatures vanquished.

Notes
Turn   | Place    | Note
-------+----------+-------------------------------------------
     0 | D:1      | Maxmaps the Demonspawn Monk began the quest for the Orb.
     0 | D:1      | Reached XP level 1. HP: 18/18 MP: 1/1
   255 | D:1      | Gained mutation: A meltable shield of frost defends you.
                  | (SH +4) [demonic ancestry]
   255 | D:1      | Reached XP level 2. HP: 24/24 MP: 2/2
   655 | D:1      | Reached skill level 1 in Armour
   830 | D:1      | Reached XP level 3. HP: 23/29 MP: 3/3
  1473 | D:2      | Gained mutation: You have a small tail. [demonic ancestry]
  1473 | D:2      | Reached XP level 4. HP: 15/35 MP: 4/4
  1846 | D:2      | Found a faded altar of an unknown god.
  2253 | D:3      | Slain by an iguana

Illustrated notes

Levels and vault maps discovered:
D:1:      onia_arrival_pentagram, layout_basic
D:2:      layout_basic, ebering_ecumenical_altar_sacrificial, grunt_ministairs_5
D:3:      layout_loops_ring, nicolae_tso_swordbearing_angel, trog_antimagical,
          gammafunk_ghost_mausoleum, grunt_ministairs_1,
          minmay_stone_trees_small

Skill      XL: |  1  2  3 |
---------------+----------+-----
Unarmed Combat | 3 |  3.2
Dodging        | 3 |  3.0
Armour         | 1 2 |  2.9
Fighting       | |  3.0
Stealth        | |  1.7

Action                     |  1- 3 |  4- 6 || total
---------------------------+-------+-------++-------
  Melee: Unarmed           |   153 |   103 ||   256
         Punch             |     2 |       ||     2
         Tailslap          |       |     9 ||     9
    Use: Potion            |       |     1 ||     1
   Stab: Distracted        |     1 |       ||     1
 Armour: Robe              |     5 |       ||     5
         Ring mail         |    56 |    31 ||    87
  Dodge: Dodged            |    87 |    39 ||   126
  Block: Other             |    16 |     8 ||    24
         Kite shield       |       |    23 ||    23

Table legend: (Time is in decaauts)
 A = Elapsed time spent in this place.
 B = Non-inter-level travel time spent in this place.
 C = Inter-level travel time spent in this place.
 D = Time resting spent in this place.
 E = Time spent auto-exploring this place.
 F = Levels seen in this place.
 G = Mean time per level.
                   A        B        C        D        E       F      G
               +--------+--------+--------+--------+--------+-----+--------+
         Total |   2247 |   2208 |     39 |    261 |   1400 |   3 |  749.0 |
       Dungeon |   2247 |   2208 |     39 |    261 |   1400 |   3 |  749.0 |
               +--------+--------+--------+--------+--------+-----+--------+

Top non-repeatable levels by time:
     D:1: 1207 daAuts
     D:2: 954 daAuts
     D:3: 85 daAuts
